 Dungeon Crawl Stone Soup version 0.18.1-48-g4cf74bf (webtiles) character file.

76 Gargoyl the Skirmisher (level 4, 0/37 HPs)
             Began as a Demonspawn Abyssal Knight on July 24, 2016.
             Was a Believer of Lugonu.
             Slain by an orc
             ... wielding a +0 club
              (3 damage)
             ... on level 3 of the Dungeon.
             The game lasted 00:05:32 (2216 turns).

Gargoyl the Skirmisher (Demonspawn Abyssal Knight)  Turns: 2216, Time: 00:05:33

Health: 0/37       AC: 10    Str: 13    XL:     4   Next: 12%
Magic:  5/5        EV:  6    Int: 14    God:    Lugonu [**....]
Gold:   122        SH:  2    Dex: 12    Spells: 0 memorised, 3 levels left

rFire  . . .     SeeInvis .     a - +1 hand axe
rCold  . . .     Gourm    .     r - +0 chain mail
rNeg   . . .     Faith    .     (no shield)
rPois  .         Spirit   .     (helmet restricted)
rElec  .         Dismiss  .     d - +0 cloak
rCorr  .         Reflect  +     (no gloves)
SustAt .         Harm     .     (no boots)
MR     .....                    p - +2 amulet of reflection
Stlth  ..........               (no ring)
                                (no ring)

@: hasted, very quick, not resistant to hostile enchantments, extremely
unstealthy
A: antennae 2, blurry vision 1, slow regeneration 1
a: Depart the Abyss, Bend Space, Renounce Religion


You were on level 3 of the Dungeon.
You worshipped Lugonu.
Lugonu was pleased with you.
You were hungry.

You visited 1 branch of the dungeon, and saw 3 of its levels.
You visited the Abyss 1 time.

You collected 122 gold pieces.

Inventory:

Hand Weapons
 a - a +1 hand axe (weapon)
Missiles
 k - 11 javelins (quivered)
Armour
 d - a +0 cloak (worn)
 r - a +0 chain mail (worn)
Jewellery
 p - a +2 amulet of reflection (around neck)
Scrolls
 b - a scroll of teleportation {unknown}
 e - 2 scrolls of immolation {unknown}
 f - a scroll of noise {unknown}
 h - 2 scrolls of remove curse
 l - 6 scrolls of identify
 u - a scroll of recharging {unknown}
 v - a scroll of fog {unknown}
Potions
 g - a potion of lignification {unknown}
 m - a potion of brilliance {unknown}
 n - a potion of mutation {unknown}
 o - a potion of magic {unknown}
 q - a potion of degeneration {unknown}
 s - a potion of might {unknown}
 t - a potion of haste
 w - a potion of flight {unknown}
Comestibles
 c - 3 bread rations
 i - 9 fruits
 j - 4 meat rations


   Skills:
 + Level 3.7 Fighting
 + Level 2.2 Axes
 * Level 2.8 Armour
 + Level 1.3 Dodging
 + Level 2.5 Invocations


You had 3 spell levels left.
You didn't know any spells.

Dungeon Overview and Level Annotations

Branches:
Dungeon (3/15)

Altars:
Makhleb
Zin


Innate Abilities, Weirdness & Mutations

You have a pair of antennae on your head.
[Scrolls take you a little longer to read.]
[You regenerate slowly when monsters are visible.]


Message History

The orc is moderately wounded.
Your chain mail prevents you from hitting the orc.
You closely miss the orc.
The orc is almost dead.
The orc hits you with a war axe. The orc hits you but does no damage.
The orc hits you with a falchion.
Unknown command.
You hit the orc.
The orc is severely wounded.
You hit the orc but do no damage. You closely miss the orc.
The orc is almost dead.
The orc barely misses you. The orc hits you but does no damage.
The orc hits you with a falchion.
* * * LOW HITPOINT WARNING * * *
Drink which item? (? for menu, Esc to quit)
It was a potion of haste.
You feel yourself speed up. The orc hits you with a war axe.
* * * LOW HITPOINT WARNING * * *
The orc hits you with a club.
You die...

#..................#
#.###..##..#.#.###.####.
#.#.#..##...............
....#...#....#.#........
..#.#.#.#..###.#........
..#.#..........#.....###
..# #......#####.....#
....#......#####.####...
#####......##..o@.....##
#......##..oo###..#
#.###..##....# # #.
..>##....# # #####....#
######


You could see 3 orcs.

Vanquished Creatures
  An adder (D:2)
  2 worms (D:2)
  A dart slug (D:1)
  3 giant geckos
  3 giant cockroaches
  5 goblins
  6 hobgoblins
  6 jackals
  13 kobolds
  A ball python (D:3)
  5 bats
  A giant newt (D:2)
  8 rats
55 creatures vanquished.

Notes
Turn   | Place    | Note
--------------------------------------------------------------
     0 | Abyss:1  | Gargoyl the Demonspawn Abyssal Knight began the quest for the Orb.
     0 | Abyss:1  | Reached XP level 1. HP: 18/18 MP: 2/2
    71 | Abyss:1  | Noticed a wretched star
    78 | Abyss:1  | Noticed a wretched star
    80 | D:1      | Escaped the Abyss
   332 | D:1      | Gained mutation: You have a pair of small antennae on your head. [demonic ancestry]
   332 | D:1      | Reached XP level 2. HP: 23/24 MP: 3/3
   336 | D:1      | Reached * piety under Lugonu
   564 | D:1      | Reached skill level 1 in Dodging
  1167 | D:2      | Gained mutation: You have a pair of antennae on your head. [demonic ancestry]
  1167 | D:2      | Reached XP level 3. HP: 29/29 MP: 4/4
  1798 | D:2      | Found a burning altar of Makhleb.
  1800 | D:2      | Found a glowing silver altar of Zin.
  1800 | D:2      | Noticed an angel
  1800 | D:2      | Noticed a cacodemon
  2085 | D:2      | Reached XP level 4. HP: 30/37 MP: 5/5
  2121 | D:3      | Reached ** piety under Lugonu
  2216 | D:3      | Slain by an orc

Skill      XL: |  1  2 |
---------------+-------+-----
Armour         | 2 |  2.8
Dodging        | 1 |  1.3
Axes           | 2 |  2.2
Fighting       | |  3.7
Invocations    | |  2.5

Action                   |  1- 3 |  4- 6 || total
-------------------------+-------+-------++-------
Melee: Hand axe          |   169 |    24 ||   193
Invok: Depart the Abyss  |     1 |       ||     1
  Use: Scroll            |     2 |       ||     2
       Potion            |       |     1 ||     1
  Eat: Chunk             |     4 |       ||     4
Armor: Ring mail         |    38 |       ||    38
       Chain mail        |    74 |    26 ||   100
Dodge: Dodged            |    97 |    21 ||   118
Block: Other             |     3 |     6 ||     9
